 Dungeon Crawl Stone Soup version 0.19-a0-958-gd69d43c (webtiles) character file.

42 TheGoonsmith the Sneak (level 3, 0/23 HPs)
             Began as a Kobold Assassin on July 11, 2016.
             Slain by a crimson imp (1 damage)
             ... summoned by Natasha
             ... on level 2 of the Dungeon.
             The game lasted 00:01:34 (961 turns).

TheGoonsmith the Sneak (Kobold Assassin)             Turns: 961, Time: 00:01:34

Health: 0/23       AC:  3    Str: 10    XL:     3   Next: 80%
Magic:  3/3        EV: 14    Int:  9    God:
Gold:   33         SH:  0    Dex: 17    Spells: 0 memorised, 2 levels left

rFire  . . .     SeeInvis .     n - +1 whip (venom)
rCold  . . .     Gourm    .     c - +0 robe
rNeg   . . .     Faith    .     (shield restricted)
rPois  .         Spirit   .     (no helmet)
rElec  .         Dismiss  .     d - +0 cloak
rCorr  .         Reflect  .     (no gloves)
SustAt .         Harm     .     (no boots)
MR     .....                    (no amulet)
Stlth  +++.......               (no ring)
                                (no ring)

@: not resistant to hostile enchantments, fairly stealthy
A: carnivore 3
a: no special abilities


You were on level 2 of the Dungeon.
You were not hungry.

You visited 1 branch of the dungeon, and saw 2 of its levels.

You collected 33 gold pieces.

Inventory:

Hand Weapons
 a - a +2 dagger
 b - a +0 blowgun
 n - a +1 whip of venom (weapon)
Missiles
 e - 8 poisoned needles
 f - 2 curare-tipped needles
 m - 5 sling bullets
Armour
 c - a +0 robe (worn)
 d - a +0 cloak (worn)
Jewellery
 j - an uncursed ring of positive energy {unknown}
Scrolls
 i - a scroll of random uselessness {unknown}
 l - a scroll of teleportation {unknown}
Potions
 h - a potion of degeneration {unknown}
Comestibles
 g - 2 meat rations
 k - a royal jelly


   Skills:
 + Level 3.3 Fighting
 - Level 3.5 Short Blades
 + Level 1.2 Maces & Flails
 - Level 2.1 Throwing
 - Level 1.2 Dodging
 - Level 5.3 Stealth


You had 2 spell levels left.
You didn't know any spells.

Dungeon Overview and Level Annotations

Branches:
Dungeon (2/15)

Altars:

Annotations:
D:2 Natasha


Innate Abilities, Weirdness & Mutations

You are small and have problems with some larger weapons.
You are carnivorous and can eat meat at any time.


Message History

Natasha stares at you and mumbles some strange words.
The magic dart hits you!
You hit Natasha.
Natasha is moderately wounded.
Natasha barely misses you.
You barely miss Natasha.
Natasha is moderately wounded.
Natasha casts a spell.
You closely miss Natasha.
Natasha is moderately wounded.
Natasha closely misses you.
You barely miss Natasha.
Natasha is moderately wounded.
Natasha claws you!
You closely miss Natasha.
Natasha is moderately wounded.
Natasha claws you!
* * * LOW HITPOINT WARNING * * *
The crimson imp hits you.
You die...

....................#
...........###.......#
....##.##.# #.......#
##.#####.##.###.......#
.....................>
##.#####.#....#.....# #
........#....#.....#.#
......................
#.########.###@5...#.
#.# #.h...#.#
#######.###.......#
............#######
#.#####.###.# ### #.#
#.# #.# #<# #.# #.# #.#
#.# #.# #.# #.#
#.####.#####.# #.#


You could see Natasha and a crimson imp.

Vanquished Creatures
  Natasha (D:2)
  A worm (D:2)
  2 dart slugs (D:1)
  A giant gecko (D:1)
  2 bats (D:1)
  A giant newt (D:1)
  A goblin (D:1)
  2 kobolds
  2 rats (D:1)
13 creatures vanquished.

Notes
Turn   | Place    | Note
-------+----------+-------------------------------------------
     0 | D:1      | TheGoonsmith the Kobold Assassin began the quest for the Orb.
     0 | D:1      | Reached XP level 1. HP: 12/12 MP: 1/1
   287 | D:1      | Reached XP level 2. HP: 18/18 MP: 2/2
   771 | D:2      | Noticed Natasha
   779 | D:2      | Killed Natasha
   779 | D:2      | Reached skill level 1 in Maces & Flails
   779 | D:2      | Reached XP level 3. HP: 9/23 MP: 3/3
   948 | D:2      | Noticed Natasha
   961 | D:2      | HP: 1/23 [Natasha (7)]
   961 | D:2      | Slain by a crimson imp

Vault maps used:
D:1:      dpeg_arrival_tiny_a, minmay_misc_feat_chi, kennysheep_small_spiral,
          hangedman_abyss_or_decor_stabs
D:2:      gammafunk_temple_overflow_pools, uniq_natasha, uniq_sigmund

Skill      XL: |  1  2 |
---------------+-------+-----
Short Blades   | 3 |  3.5
Fighting       | 3 |  3.3
Maces & Flails | 1 |  1.2
Throwing       | |  2.1
Dodging        | |  1.2
Stealth        | |  5.3

Action                   || total
-------------------------++-------
Melee: Dagger            ||    40
       Whip              ||    10
 Stab: Sleeping          ||     3
       Distracted        ||     1
Armor: Robe              ||     5
Dodge: Dodged            ||    17
